 Dungeon Crawl Stone Soup version 0.32-a0-485-g70f7560b1c (webtiles) character file.

Game seed: 9159653307673292264

470 javelincjr the Trooper (level 6, -13/49 HPs)
             Began as a Demonspawn Fighter on Feb 26, 2024.
             Mangled by a two-headed ogre
             ... wielding a +0 giant spiked club
              (26 damage)
             ... on level 7 of the Dungeon.
             The game lasted 00:10:37 (3754 turns).

javelincjr the Trooper (Demonspawn Fighter)         Turns: 3754, Time: 00:10:37

Health: -13/49     AC:  7    Str: 23    XL:     6   Next: 82%
Magic:  0/6        EV: 12    Int: 14    God:
Gold:   136        SH:  5    Dex: 16    Spells: 5/5 levels left

rFire   . . .        a - +0 trident
rCold   + . .        c - +0 buckler
rNeg    . . .        p - +4 robe of Augmentation {Str+4 Int+4 Dex+4}
rPois   .            q - +0 helmet
rElec   .            (no cloak)
rCorr   .            (no gloves)
SInv    .            (no boots)
Will    .....        w - amulet of guardian spirit
Stlth   +            t - ring of protection from cold
HPRegen 0.28/turn    (no ring)
MPRegen 0.10/turn

%: guardian spirit
@: about to teleport
A: claws 1, foul stench 1, big brain 1
a: no special abilities


You were on level 7 of the Dungeon.
You visited 1 branch of the dungeon, and saw 5 of its levels.

You collected 136 gold pieces.

Inventory:

Hand Weapons
 a - a +0 trident (weapon)
 i - a +2 dagger of draining
 o - a +0 sling
 y - a +0 trident
Missiles
 j - 40 stones (quivered)
 u - 3 javelins
Armour
 c - a +0 buckler (worn)
 p - the +4 robe of Augmentation (worn) {Str+4 Int+4 Dex+4}
   (You found it on level 3 of the Dungeon)

   Str+4:     It affects your strength (+4).
   Int+4:     It affects your intelligence (+4).
   Dex+4:     It affects your dexterity (+4).
 q - a +0 helmet (worn)
Jewellery
 t - a ring of protection from cold (left claw)
 w - an amulet of guardian spirit (around neck)
Scrolls
 d - a scroll of identify
 e - a scroll of revelation {unknown}
 f - 3 scrolls of teleportation
 g - a scroll of blinking {unknown}
 m - a scroll of amnesia {unknown}
 x - a scroll of fog {unknown}
 z - a scroll of enchant weapon {unknown}
Potions
 b - a potion of lignification {unknown}
 h - 2 potions of brilliance
 k - 2 potions of degeneration
 l - 2 potions of curing
 r - a potion of haste {unknown}
 s - a potion of resistance
 v - 3 potions of attraction


   Skills:
 + Level 4.3 Fighting
 + Level 3.3 Polearms
 + Level 4.0 Armour
 + Level 2.5 Dodging
 + Level 4.0 Shields


You had 5 spell levels left.
You didn't know any spells.
Your spell library contained the following spells:

 Spells                   Type           Power      Damage    Failure   Level
 Foxfire                  Conj/Fire      0%         2x1d4     34%         1
 Blink                    Tloc           0%         N/A       45%         2
 Lesser Beckoning         Tloc           0%         N/A       45%         2
 Momentum Strike          Conj/Tloc      0%         3d8       45%         2
 Scorch                   Fire           0%         2d5       45%         2
 Gell's Gravitas          Tloc           0%         N/A       71%         3
 Stone Arrow              Conj/Erth      0%         3d7       71%         3
 Teleport Other           Tloc           0%         N/A       71%         3
 Animate Armour           Summ/Erth      0%         N/A       98%         4
 Flame Wave               Conj/Fire      0%         2d4       98%         4
 Plasma Beam              Fire/Air       0%         2x1d10    100%        6
 Starburst                Conj/Fire      0%         6d3       100%        6
 Summon Cactus Giant      Summ           0%         N/A       100%        6
 Lehudib's Crystal Spear  Conj/Erth      0%         10d2      100%        8


Dungeon Overview and Level Annotations

Branches:
Dungeon (4/15)
 Temple: D:4-7

Altars:
Qazlal


Innate Abilities, Weirdness & Mutations

You have sharp fingernails.
You may rarely emit foul miasma when damaged in melee.
You have an unusually large brain. (Int +2)


Message History

A ball python is nearby!
You see here a +0 dagger.
No target in view!
No target in view!
You see here a +0 dagger.
m - a scroll labelled MULODOL MALO
Things that are here:
a +0 dagger; a +0 robe; an orc corpse A malevolent force fills the Dungeon...
You fall into a shaft and drop 3 floors!
The shaft crumbles and collapses.
You open the door.
Found a stone staircase leading down.
There is an open door here.
A two-headed ogre comes into view.
It is wielding a +0 giant spiked club and a +0 giant club.
You open the door.
There is an open door here.
You close the door.
You puncture the two-headed ogre!
The two-headed ogre is lightly wounded.
You block the two-headed ogre's attack.
The two-headed ogre hits you with a +0 giant club!
You closely miss the two-headed ogre.
The two-headed ogre is lightly wounded.
The two-headed ogre closely misses you.
The two-headed ogre hits you with a +0 giant club.
You hit the two-headed ogre.
The two-headed ogre is moderately wounded.
You hit the two-headed ogre but do no damage.
The two-headed ogre is moderately wounded.
The two-headed ogre hits you with a +0 giant spiked club!!
The two-headed ogre hits you with a +0 giant club!
* * * LOW HITPOINT WARNING * * *
As you read the scroll of teleportation, it crumbles to dust.
You feel strangely unstable.
You block the two-headed ogre's attack. x2
You hit the two-headed ogre.
The two-headed ogre is moderately wounded.
The two-headed ogre hits you with a +0 giant spiked club!!
Ouch! That really hurt!
You die...

............>..........
.......................
.......................
.......O...............
.......#####...........
.......#...+......###+#
.......#...#......#...+
.......#...####O###...#
.......#......@.......#
#..............#
#..............#
#..............#
################


You could see a two-headed ogre.

Vanquished Creatures
  Sigmund (D:3)
  A black bear (D:2)
  A wight (D:3)
  An orc wizard (D:4)
  3 adders
  4 dart slugs
  2 ribbon worms (D:2)
  6 orcs
  8 ball pythons
  5 bats
  6 endoplasms
  7 giant cockroaches
  7 goblins
  13 hobgoblins
  4 quokkas
  4 frilled lizards
  10 kobolds
  5 rats
88 creatures vanquished.

Notes
Turn   | Place    | Note
-------+----------+-------------------------------------------
     0 | D:1      | javelincjr the Demonspawn Fighter began the quest for the
                  | Orb.
     0 | D:1      | Reached XP level 1. HP: 18/18 MP: 1/1
   134 | D:1      | Gained mutation: You have an unusually large brain. (Int
                  | +2) [demonic ancestry]
   134 | D:1      | Reached XP level 2. HP: 21/24 MP: 2/2
   532 | D:1      | Reached XP level 3. HP: 29/29 MP: 3/3
  1324 | D:2      | Noticed a black bear
  1352 | D:2      | Killed a black bear
  1353 | D:2      | Reached skill level 1 in Dodging
  1353 | D:2      | Gained mutation: You may rarely emit foul miasma when
                  | damaged in melee. [demonic ancestry]
  1353 | D:2      | Reached XP level 4. HP: 20/37 MP: 4/4
  1353 | D:2      | Reached XP level 5. HP: 22/42 MP: 5/5
  2348 | D:2      | Found a faded altar of an unknown god.
  2742 | D:3      | Noticed Sigmund
  2753 | D:3      | Killed Sigmund
  2754 | D:3      | Gained mutation: You have sharp fingernails. [demonic
                  | ancestry]
  2754 | D:3      | Reached XP level 6. HP: 24/48 MP: 6/6
  3101 | D:3      | Found a stormy altar of Qazlal.
  3198 | D:3      | Found the +4 robe of Augmentation {Str+4 Int+4 Dex+4}
  3702 | D:4      | You fall into a shaft and drop 3 floors!
  3734 | D:7      | Noticed a two-headed ogre
  3754 | D:7      | Mangled by a two-headed ogre

Illustrated notes

Levels and vault maps discovered:
D:1:      dpeg_arrival_signposts, layout_loops_corners
D:2:      layout_loops_corners, chequers_ecumenical_altar_lobes,
          minmay_misc_feat_rugged, minmay_divided_ellipse
D:3:      layout_loops_ring, mainiacjoe_overflow_24_doors,
          nicolae_elyvilon_peaceful_grove, kennysheep_generic_room_9,
          uniq_sigmund
D:4:      layout_cave_pods, nzn_wu_jian_council_hall, st_stairs_11,
          kennysheep_path_1, minmay_small_thing
D:7:      layout_gridville, minmay_fractal_squares_gapless_5, uniq_maurice

Skill      XL: |  1  2  3  4  5  6 |
---------------+-------------------+-----
Polearms       | 2 3 |  3.3
Shields        | 3 4 |  4.0
Armour         | 3 4 |  4.0
Dodging        | 1 2 |  2.5
Fighting       | 4 |  4.3

Action                     |  1- 3 |  4- 6 || total
---------------------------+-------+-------++-------
  Melee: Trident           |    45 |    70 ||   115
         Dagger            |    87 |   115 ||   202
  Throw: Stone             |     1 |     3 ||     4
    Use: Scroll            |       |     7 ||     7
         Potion            |       |     1 ||     1
 Armour: Scale mail        |    36 |    53 ||    89
         Ring mail         |    44 |     7 ||    51
         Robe              |       |    28 ||    28
  Dodge: Dodged            |    54 |    71 ||   125
  Block: Buckler           |    33 |    43 ||    76

Table legend: (Time is in decaauts)
 A = Elapsed time spent in this place.
 B = Non-inter-level travel time spent in this place.
 C = Inter-level travel time spent in this place.
 D = Time resting spent in this place.
 E = Time spent auto-exploring this place.
 F = Levels seen in this place.
 G = Mean time per level.
                   A        B        C        D        E       F      G
               +--------+--------+--------+--------+--------+-----+--------+
         Total |   3782 |   3550 |    232 |    126 |   2641 |   5 |  756.4 |
       Dungeon |   3782 |   3550 |    232 |    126 |   2641 |   5 |  756.4 |
               +--------+--------+--------+--------+--------+-----+--------+

Top non-repeatable levels by time:
     D:2: 1410 daAuts
     D:1: 1180 daAuts
     D:3: 930 daAuts
     D:4: 207 daAuts
     D:7: 52 daAuts
